 Dungeon Crawl Stone Soup version 0.21-a0-2-ge494091 (webtiles) character file.

107641 JeffiDaFish the Tortoise (level 16, -4/107 HPs)
             Began as a Gargoyle Fighter on May 22, 2017.
             Was the Champion of Okawaru.
             Killed from afar by a deep elf annihilator (59 damage)
             ... with a crystal spear
             ... on level 15 of the Dungeon on May 23, 2017.
             The game lasted 00:43:24 (18645 turns).

JeffiDaFish the Tortoise (Gargoyle Fighter)        Turns: 18645, Time: 00:43:24

Health: -4/107     AC: 36    Str: 25 (26) XL:     16   Next: 47%
Magic:  16/16      EV: 14    Int: 14      God:    Okawaru [******]
Gold:   1412       SH: 17    Dex: 22      Spells: 15/15 levels left

rFire    . . .     SeeInvis +   w - +7 demon whip (vamp)
rCold    . . .     Gourm    .   x - +2 shield of the Lumpy Realms {Dex+5 SInv}
rNeg     + . .     Faith    .   j - +2 plate armour
rPois    ∞         Spirit   .   c - +1 helmet {Int+3}
rElec    +         Reflect  .   u - +0 cloak
rCorr    .         Harm     .   K - +2 pair of gloves {Dex+3}
MR       +....                  O - +2 pair of boots
Stlth    ..........             t - amulet of rage
Regen    0.3/turn               m - ring of see invisible
MPRegen  0.2/turn               r - +4 ring of strength

@: flying
A: big wings, deformed body, deterioration 1, negative energy resistance 1,
electricity resistance, strong 1, unbreathing, petrification resistance, rot
immunity, AC +11
a: Stop Flying, Heroism, Finesse, Renounce Religion, Evoke Berserk Rage


You were on level 15 of the Dungeon.
You worshipped Okawaru.
Okawaru was exalted by your worship.
You were not hungry.

You visited 3 branches of the dungeon, and saw 22 of its levels.

You collected 1494 gold pieces.
You spent 82 gold pieces at shops.

Inventory:

Hand Weapons
 w - a +7 vampiric demon whip (weapon)
Armour
 c - a +1 helmet of intelligence (worn)
 j - a +2 plate armour (worn)
 u - a +0 cloak (worn)
 x - the +2 shield of the Lumpy Realms (worn) {Dex+5 SInv}
   (You acquired it on level 1 of the Lair of Beasts)

   It affects your dexterity (+5).
   It lets you see invisible.
 K - a +2 pair of gloves of dexterity (worn)
 O - a +2 pair of boots (worn)
Jewellery
 m - a ring of see invisible (left hand)
 r - a +4 ring of strength (right hand)
 t - an amulet of rage (around neck)
 A - an uncursed ring of protection from fire
 B - an uncursed ring of resist corrosion
Wands
 z - a wand of scattershot (3/9)
Scrolls
 b - 6 scrolls of recharging
 e - 2 scrolls of identify
 g - 3 scrolls of blinking
 l - 10 scrolls of teleportation
 n - 9 scrolls of remove curse
 o - 5 scrolls of magic mapping
 p - 5 scrolls of fog
 q - 3 scrolls of fear
 s - 2 scrolls of amnesia
 y - a scroll of enchant weapon
 M - 2 scrolls of brand weapon
Potions
 a - 3 potions of curing
 d - 4 potions of might
 C - a potion of resistance
 F - 2 potions of haste
 G - 3 potions of heal wounds
 H - a potion of agility
Books
 N - a Young Poisoner's Handbook

   Spells                             Type                      Level
   a - Sting                          Conjuration/Poison           1
   b - Poisonous Vapours              Poison/Air                   2
   c - Mephitic Cloud                 Conjuration/Poison/Air       3
   d - Olgreb's Toxic Radiance        Poison                       4
   e - Venom Bolt                     Conjuration/Poison           5
Comestibles
 f - 8 bread rations
 h - 13 royal jellies
 i - 9 meat rations
 k - 25 fruits
 v - 6 chunks of flesh


   Skills:
 * Level 14.8 Fighting
 * Level 13.9 Maces & Flails
 * Level 15.0 Armour
 + Level 8.3 Dodging
 * Level 14.7 Shields


You had 15 spell levels left.
You didn't know any spells.

Dungeon Overview and Level Annotations

Branches:
Dungeon (15/15)            Temple (1/1) D:7            Lair (6/6) D:9
 Shoals (0/4) Lair:3        Snake (0/4) Lair:4        Slime (0/5) Lair:5
    Orc (0/2) D:9          Vaults (0/5) D:13         Depths (0/5) D:15

Altars:
Ashenzari
Cheibriados
Dithmenos
Elyvilon
Fedhas
Gozag
Hepliaklqana
Kikubaaqudgha
Nemelex Xobeh
Okawaru
Qazlal
Ru
Sif Muna
Trog
Uskayaw
Vehumet
Wu Jian
Xom
Yredelemnul
Zin
The Shining One
Jiyva

Shops:
D:7 (   D:9 ?

Annotations:
D:3 exclusion: oklob plant
D:8 1 runed door


Innate Abilities, Weirdness & Mutations

You are resistant to torment.
Your stone body is resilient. (AC +11)
You are immune to poison.
Your large and strong wings let you fly indefinitely.
You resist negative energy. (rN+)
You are resistant to electric shocks. (rElec)
You can survive without breathing.
You are immune to petrification.
You are immune to rotting.
Armour fits poorly on your strangely shaped body.
Your body sometimes deteriorates upon taking damage.
Your muscles are strong. (Str +2)


Message History

The boggart is severely wounded.
The unseen horror hits the plant but does no damage.
The yaktaur captain shoots a bolt.
The bolt hits you!
The centaur warrior hits you but does no damage.
You thrash the boggart!!
You feel better.
You kill the boggart!
Okawaru accepts your kill.
The unseen horror dissolves into shadows!
The deep elf annihilator gestures at you while chanting.
The crystal spear hits you!
Your body deteriorates!
You feel weakened. You block the centaur warrior's attack.
The yaktaur captain unwields an uncursed arbalest.
The yaktaur captain wields an uncursed great mace of holy wrath.
It softly glows with a divine radiance!
The yaktaur captain hits you but does no damage.
The deep elf annihilator gestures at you while chanting.
The crystal spear hits you!
Ouch! That really hurt!
You die...

.. .# #.♣##
...♣## #♣....♣##
#..P....♣###
#♣.ecP......
#..P@)..♣
#♣...c♣.# #
#..(♣.......
#.#.♣.######..#
#.............#
#.#...######..#
#.#...........#
# #.......##..#.
#.#...#.........


You could see a yaktaur captain, a deep elf annihilator and a centaur warrior.

Vanquished Creatures
  A storm dragon (D:15)
  Kirke (D:13)
  A frost giant (D:15)
  5 dire elephants
  Josephine (D:11)
  2 ice dragons (D:15)
  A yaktaur captain (D:15)
  9 hydras
  6 centaur warriors
  2 catoblepae
  2 ogre magi
  An anaconda (Lair:6)
  9 death yaks
  15 two-headed ogres
  Urug (Lair:4)
  A skeletal warrior (D:13)
  A flayed ghost (D:15)
  A wizard (D:13)
  An unseen horror (D:11)
  Pikel (D:6)
  2 wolf spider zombies
  The ghost of Likado the Grappler, a novice VSMo of Elyvilon (D:6)
  4 deep elf magi
  A necromancer (D:15)
  An orc knight (D:15)
  A wolf spider (D:15)
  2 cyclopes (D:15)
  11 ugly things (D:15)
  An oklob plant (Lair:2)
  31 elephants
  3 manticores
  5 black mambas
  5 centaur zombies
  Maurice (D:8)
  4 gargoyles
  7 spiny frogs
  A spiny frog (shapeshifter) (D:14)
  2 efreet (D:15)
  2 kobold demonologists (D:13)
  6 yaktaurs
  9 komodo dragons
  2 freezing wraiths (D:15)
  2 rime drakes
  6 trolls
  2 polar bears (D:10)
  A hornet (D:14)
  10 blink frogs
  6 hippogriffs
  A dream sheep (shapeshifter) (D:15)
  13 dream sheep
  A vampire (D:13)
  A redback (D:15)
  A spriggan (Lair:2)
  A shadow (D:14)
  2 basilisks
  8 wraiths
  2 wyverns
  Eustachio (D:6)
  38 yaks
  A human (shapeshifter) (D:13)
  10 vampire mosquitoes
  A hungry ghost (D:8)
  A steam dragon (D:15)
  2 nagas (Lair:4)
  10 water moccasins
  An acid dragon (D:11)
  A porcupine (shapeshifter) (D:15)
  5 porcupines
  A black bear (D:7)
  10 orc warriors
  6 sky beasts
  An eye of draining (D:12)
  A hornet zombie (D:12)
  A necrophage (D:11)
  3 ice beasts
  6 phantoms
  3 wolves (Lair:2)
  9 ogres
  8 boggarts
  23 centaurs
  12 crocodiles
  10 big kobolds
  Blork the orc (D:4)
  21 bullfrogs
  5 scorpions
  5 killer bees (D:8)
  4 crimson imps
  3 jellies
  A bullfrog skeleton (D:11)
  2 bullfrog zombies
  7 orc priests
  5 hounds
  4 iguanas
  12 orc wizards
  Crazy Yiuf (D:4)
  7 centaur skeletons
  9 worker ants
  2 hound skeletons
  A howler monkey zombie (D:10)
  2 worker ant zombies
  6 gnolls
  A howler monkey skeleton (D:8)
  14 adders
  6 shadow imps
  A worm (D:4)
  4 dart slugs
  A leopard gecko (D:4)
  67 orcs
  8 giant cockroaches
  9 goblins
  7 hobgoblins
  11 jackals
  3 quokkas
  8 bats
  7 frilled lizards
  2 jackal zombies
  18 kobolds
  2 leopard gecko skeletons
  A leopard gecko zombie (D:6)
  5 rats
  A bush (Lair:2)
  A plant (Lair:6)
661 creatures vanquished.

Vanquished Creatures (collateral kills)
  A fungus (Lair:5)
1 creature vanquished.

Vanquished Creatures (others)
  An orc wizard (D:6)
  A worm (D:3)
  2 orcs (D:6)
  A giant cockroach (D:6)
  A giant cockroach zombie (D:6)
  91 fungi
  41 plants
138 creatures vanquished.

Grand Total: 800 creatures vanquished

Notes
Turn   | Place    | Note
-------+----------+-------------------------------------------
     0 | D:1      | JeffiDaFish the Gargoyle Fighter began the quest for the Orb.
     0 | D:1      | Reached XP level 1. HP: 14/14 MP: 1/1
   105 | D:1      | Reached XP level 2. HP: 15/19 MP: 2/2
   483 | D:1      | Reached XP level 3. HP: 21/23 MP: 3/3
   805 | D:2      | Gained mutation: Your body sometimes deteriorates upon taking damage. [potion of mutation]
   805 | D:2      | Gained mutation: Armour fits poorly on your strangely shaped body. [potion of mutation]
   805 | D:2      | Gained mutation: Your muscles are strong. (Str +2) [potion of mutation]
   879 | D:2      | Reached skill level 1 in Dodging
   991 | D:2      | Reached XP level 4. HP: 29/29 MP: 4/4
  1439 | D:2      | Reached XP level 5. HP: 33/33 MP: 5/5
  1669 | D:3      | Reached skill level 4 in Armour
  2240 | D:3      | Found a blossoming altar of Fedhas.
  2251 | D:3      | Noticed an oklob plant
  2537 | D:4      | Noticed Blork the orc
  2552 | D:4      | Killed Blork the orc
  2552 | D:4      | Reached XP level 6. HP: 34/38 MP: 6/6
  2624 | D:4      | Reached skill level 5 in Shields
  3075 | D:4      | Reached XP level 7. HP: 43/43 MP: 7/7
  3223 | D:4      | Found a runed door.
  3227 | D:4      | Noticed Crazy Yiuf
  3231 | D:4      | Killed Crazy Yiuf
  3321 | D:4      | Reached skill level 5 in Maces & Flails
  3393 | D:5      | Entered Level 5 of the Dungeon
  3462 | D:5      | Identified a scroll of acquirement
  3629 | D:5      | Found an ancient bone altar of Kikubaaqudgha.
  3717 | D:5      | Found an ornate altar of the Wu Jian Council.
  3899 | D:6      | Noticed Eustachio
  3956 | D:6      | Killed Eustachio
  3956 | D:6      | Reached skill level 5 in Armour
  3983 | D:6      | Noticed a yak
  3984 | D:6      | Noticed a yak
  3984 | D:6      | Noticed a yak
  3984 | D:6      | Noticed a yak
  3984 | D:6      | Noticed a yak
  4012 | D:6      | Reached XP level 8. HP: 46/48 MP: 8/8
  4024 | D:6      | Killed a yak
  4024 | D:6      | Reached skill level 5 in Fighting
  4034 | D:6      | Killed a yak
  4054 | D:6      | Killed a yak
  4061 | D:6      | Killed a yak
  4061 | D:6      | Reached skill level 6 in Armour
  4070 | D:6      | Killed a yak
  4070 | D:6      | Reached XP level 9. HP: 50/55 MP: 9/9
  4102 | D:6      | Noticed Pikel
  4114 | D:6      | Killed Pikel
  4133 | D:6      | Reached skill level 7 in Armour
  4226 | D:6      | Noticed Likado's ghost (novice VSMo)
  4258 | D:6      | Killed Likado's ghost
  4713 | D:7      | Reached XP level 10. HP: 63/63 MP: 10/10
  4918 | D:7      | Reached skill level 8 in Armour
  5014 | D:7      | Noticed a two-headed ogre
  5023 | D:7      | Killed a two-headed ogre
  5031 | D:7      | Found a staircase to the Ecumenical Temple.
  5033 | D:7      | Found Xitteloug's Antique Weapon Shop.
  5083 | Temple   | Entered the Ecumenical Temple
  5166 | Temple   | Became a worshipper of Warmaster Okawaru
  5308 | D:7      | Found a hide-covered altar of Uskayaw.
  5309 | D:7      | Found a basalt altar of Yredelemnul.
  5553 | D:8      | Noticed Maurice
  5851 | D:8      | Killed Maurice
  6019 | D:8      | Reached * piety under Okawaru
  6193 | D:8      | Found an iron altar of Okawaru.
  6246 | D:8      | Noticed a sixfirhy
  6247 | D:8      | Found a runed door.
  6307 | D:8      | Found a bloodstained altar of Trog.
  6413 | D:9      | Noticed a two-headed ogre
  6440 | D:9      | Killed a two-headed ogre
  6440 | D:9      | Reached ** piety under Okawaru
  6440 | D:9      | Reached skill level 9 in Armour
  6440 | D:9      | Reached XP level 11. HP: 47/69 MP: 11/11
  6476 | D:9      | Found Panta's Magic Scroll Emporium.
  6477 | D:9      | Noticed a two-headed ogre
  6491 | D:9      | Killed a two-headed ogre
  6515 | D:9      | Bought a scroll of enchant weapon for 82 gold pieces
  6660 | D:9      | Found a staircase to the Orcish Mines.
  6915 | D:9      | Reached *** piety under Okawaru
  6919 | D:9      | Found a staircase to the Lair.
  6982 | Lair:1   | Entered Level 1 of the Lair of Beasts
  6982 | Lair:1   | Noticed a seven-headed hydra
  6989 | Lair:1   | Killed a seven-headed hydra
  7184 | Lair:1   | Got a faintly humming shield
  7195 | Lair:1   | Identified the +2 shield of the Lumpy Realms {Dex+5 SInv} (You acquired it on level 1 of the Lair of Beasts)
  7684 | Lair:2   | Reached skill level 10 in Shields
  7738 | Lair:2   | Noticed a four-headed hydra
  7747 | Lair:2   | Killed a four-headed hydra
  7747 | Lair:2   | Reached **** piety under Okawaru
  7754 | Lair:2   | Noticed an oklob plant
  7812 | Lair:2   | Killed an oklob plant
  8138 | Lair:2   | Reached ***** piety under Okawaru
  8146 | Lair:2   | Reached skill level 10 in Armour
  8235 | Lair:2   | Reached XP level 12. HP: 67/77 MP: 12/12
  8260 | Lair:2   | Reached skill level 10 in Fighting
  8324 | Lair:2   | Received a gift from Okawaru
  8324 | Lair:2   | Reached skill level 10 in Maces & Flails
  8427 | Lair:2   | Noticed a dire elephant
  8456 | Lair:2   | Killed a dire elephant
  8456 | Lair:2   | Reached skill level 5 in Dodging
  8978 | Lair:3   | Reached skill level 11 in Armour
  9005 | Lair:3   | Noticed an eight-headed hydra
  9014 | Lair:3   | Killed an eight-headed hydra
  9192 | Lair:3   | Found a staircase to the Shoals.
  9391 | Lair:3   | Received a gift from Okawaru
  9876 | Lair:4   | Reached XP level 13. HP: 84/84 MP: 13/13
  9932 | Lair:4   | Noticed Urug
  9948 | Lair:4   | Killed Urug
 10187 | Lair:4   | Reached ****** piety under Okawaru
 10232 | Lair:4   | Found a staircase to the Snake Pit.
 10645 | Lair:5   | Received a gift from Okawaru
 10888 | Lair:5   | Reached skill level 12 in Armour
 10901 | Lair:5   | Found a staircase to the Slime Pits.
 10901 | Lair:5   | Found a viscous altar of Jiyva.
 11441 | Lair:5   | Received a gift from Okawaru
 11660 | Lair:6   | Entered Level 6 of the Lair of Beasts
 11765 | Lair:6   | Gained mutation: Your large and strong wings let you fly indefinitely. [Gargoyle growth]
 11765 | Lair:6   | Reached XP level 14. HP: 92/92 MP: 14/14
 12835 | Lair:6   | Noticed a dire elephant
 12835 | Lair:6   | Noticed a dire elephant
 12845 | Lair:6   | Noticed a dire elephant
 12871 | Lair:6   | Noticed a dire elephant
 13135 | Lair:6   | Noticed a dire elephant
 13175 | Lair:6   | Killed a dire elephant
 13175 | Lair:6   | Reached skill level 13 in Armour
 13184 | Lair:6   | Killed a dire elephant
 13205 | Lair:6   | Killed a dire elephant
 13265 | Lair:6   | Received a gift from Okawaru
 13438 | Lair:6   | Killed a dire elephant
 13804 | D:10     | Entered Level 10 of the Dungeon
 13931 | D:10     | Found a bloodstained altar of Trog.
 14351 | D:10     | Received a gift from Okawaru
 14736 | D:11     | Noticed Josephine
 14750 | D:11     | Killed Josephine
 14963 | D:11     | Reached XP level 15. HP: 99/99 MP: 15/15
 15737 | D:13     | Found a deep blue altar of Sif Muna.
 16021 | D:13     | Reached skill level 14 in Armour
 16190 | D:13     | Received a gift from Okawaru
 16525 | D:13     | Noticed Kirke
 16535 | D:13     | Killed Kirke
 16631 | D:13     | Found a gate to the Vaults.
 17442 | D:15     | Entered Level 15 of the Dungeon
 17511 | D:15     | Received a gift from Okawaru
 17651 | D:15     | Reached XP level 16. HP: 91/107 MP: 16/16
 18039 | D:15     | Received a gift from Okawaru
 18058 | D:15     | Paralysed by an ogre mage for 5 turns
 18230 | D:15     | Reached skill level 15 in Armour
 18414 | D:15     | Found a staircase to the Depths.
 18529 | D:15     | Noticed a storm dragon
 18544 | D:15     | Killed a storm dragon
 18633 | D:15     | Found a blossoming altar of Fedhas.
 18645 | D:15     | Killed from afar by a deep elf annihilator

Vault maps used:
D:1:      enne_arrival_octagon_isle
D:2:      first_bread
D:3:      tgw_fedhas
D:4:      uniq_blork_the_orc, uniq_crazy_yiuf_cottage
D:5:      overflow_temple_1_default, nicolae_overflow_hidden_temple,
          kennysheep_generic_room_7
D:6:      nicolae_whirlpool, uniq_eustachio, uniq_pikel
D:7:      gammafunk_temple_overflow_statue, minmay_temple_entry_butterflies,
          serial_shops, shop
D:8:      cheibrodos_shockbox, kennysheep_mini, okawaru_ov_weapons_minmay,
          uniq_maurice
D:9:      lair_entry_dummy, hiddenorc2_lemuel, serial_shops, nicolae_shop_stone
D:10:     hangedman_ranch, trog_ov_bears_minmay
D:11:     uniq_josephine
D:12:     st_stairs_13
D:13:     hangedman_vaults_entry_quadrant_bands, basic_altar, uniq_kirke
D:14:     hangedman_corner_corridor
D:15:     grunt_enter_depths_hoard, patterned_corridor,
          minmay_the_grid_triangle_9x9_rhombus_full_mashed
Temple:   nicolae_temple_elliptical
Lair:2:   mu_elephants_graveyard, minmay_lair_oklob_bushes
Lair:3:   elwin_shoals_entry_rocks, grunt_megastairs_1
Lair:4:   guppyfry_snake_entry_garden, uniq_urug
Lair:5:   slime_altar_1, serial_bayou_shore_b
Lair:6:   due_jungle_book, serial_bayou_ford_a

Skill      XL: |  1  2  3  4  5  6  7  8  9 10 11 12 13 14 15 16 |
---------------+-------------------------------------------------+-----
Dodging        | 1 2 3 4 5 6 7 8 |  8.3
Shields        | 4 5 6 8 9 10 11 12 13 14 | 14.7
Maces & Flails | 3 4 5 6 7 8 9 10 11 12 13 | 13.9
Armour         | 4 5 6 7 9 10 11 12 13 14 15 | 15.0
Fighting       | 4 5 7 8 9 11 12 13 14 | 14.8

Action                   |  1- 3 |  4- 6 |  7- 9 | 10-12 | 13-15 | 16-18 || total
-------------------------+-------+-------+-------+-------+-------+-------++-------
Melee: Flail             |   177 |   200 |    27 |       |       |       ||   404
       Demon whip        |       |       |   232 |   866 |  1592 |   411 ||  3101
 Abil: Stop Flying       |       |       |       |     1 |       |       ||     1
       Fly               |       |       |       |       |     1 |       ||     1
  Use: Scroll            |     7 |     5 |     2 |    12 |    16 |     2 ||    44
       Potion            |     1 |     6 |     3 |     3 |     1 |       ||    14
  Eat: Chunk             |     1 |     7 |     2 |    20 |    26 |     4 ||    60
       Fruit             |       |       |     2 |       |       |       ||     2
       Bread ration      |       |       |     1 |       |       |       ||     1
       Royal jelly       |       |       |     1 |       |       |       ||     1
Armor: Scale mail        |    75 |       |       |       |       |       ||    75
       Plate armour      |    65 |   156 |   136 |   346 |   540 |   182 ||  1425
Dodge: Dodged            |    45 |    38 |    47 |   161 |   370 |   140 ||   801
Block: Shield            |   114 |   134 |   122 |   430 |   943 |   261 ||  2004
